 Dungeon Crawl Stone Soup version 0.20.1-1-g8b1a95d (webtiles) character file.

25 valak24 the Caller (level 2, -2/15 HPs)
             Began as a Deep Elf Summoner on July 19, 2017.
             Slain by an adder (3 damage)
             ... on level 2 of the Dungeon.
             The game lasted 00:06:24 (1429 turns).

valak24 the Caller (Deep Elf Summoner)              Turns: 1429, Time: 00:06:25

Health: -2/15      AC:  3    Str:  5    XL:     2   Next: 86%
Magic:  8/8        EV: 13    Int: 19    God:
Gold:   112        SH:  0    Dex: 15    Spells: 5/8 levels left

rFire    . . .     SeeInvis .   i - +1 mace (holy)
rCold    . . .     Gourm    .   (no shield)
rNeg     . . .     Faith    .   a - +0 robe
rPois    .         Spirit   .   (no helmet)
rElec    .         Reflect  .   (no cloak)
rCorr    .         Harm     .   g - +0 pair of gloves
MR       .....                  (no boots)
Stlth    ++........             (no amulet)
Regen    0.1/turn               (no ring)
MPRegen  0.2/turn               (no ring)

@: lethally poisoned (-2 -> -10), hasted, very quick
A: no striking features
a: no special abilities


You were on level 2 of the Dungeon.
You were not hungry.

You visited 1 branch of the dungeon, and saw 2 of its levels.

You collected 112 gold pieces.

Inventory:

Hand Weapons
 i - a +1 mace of holy wrath (weapon)
Armour
 a - a +0 robe (worn)
 g - a +0 pair of gloves (worn)
Scrolls
 h - 2 scrolls of remove curse
Books
 b - a book of Callings

   Spells                             Type                      Level
   a - Summon Small Mammal            Summoning                    1
   b - Call Imp                       Summoning                    2
   c - Call Canine Familiar           Summoning                    3
   d - Summon Guardian Golem          Hexes/Summoning              3
   e - Summon Lightning Spire         Summoning/Air                4
   f - Summon Ice Beast               Ice/Summoning                4
Comestibles
 c - 2 bread rations
 d - 2 chunks of flesh
 f - a meat ration


   Skills:
 + Level 2.5 Dodging
 - Level 2.4 Stealth
 * Level 3.7 Spellcasting
 * Level 5.0 Summonings


You had 5 spell levels left.
You knew the following spells:

 Your Spells              Type           Power        Failure   Level  Hunger
a - Summon Small Mammal   Summ           ###.         1%          1    None
b - Call Imp              Summ           ###.....     2%          2    ##.....


Dungeon Overview and Level Annotations

Branches:
Dungeon (2/15)

Altars:


Message History

You feel sick. The adder barely misses you.
Your iron imp barely misses the adder.
You hit the adder.
The adder is heavily wounded.
The adder misses you.
Your iron imp completely misses the adder.
You hit the adder.
The adder is severely wounded.
* * * LOW HITPOINT WARNING * * *
You feel sick. The adder barely misses you.
The kobold hits your iron imp but does no damage.
You closely miss the adder.
The adder is severely wounded.
The adder closely misses you. The kobold hits your iron imp.
Your iron imp closely misses the adder.
You hit the adder but do no damage.
The adder is severely wounded.
* * * LOW HITPOINT WARNING * * *
You feel sick. The adder bites you.
You die...

...5.##.###.#..........#
##5...#.# #.#....#...#$#.
#......# #.#....#...#%#.##.
##.).### #......#.........
#...# #......#..##.#.####
#...# #.#..#.#..#..(....#
###...#####.#.........†......
............##.#.####.......#
..)......... #<.@S5K........#
............ ##.#####.......#
###...###### #. #.......#
#...# #. #.......# #..(# #.
######### #...# #. #...# ##
.....


You could see an adder, a kobold and a friendly iron imp.

Vanquished Creatures
  2 hobgoblins (D:1)
  A kobold (D:1)
3 creatures vanquished.

Vanquished Creatures (collateral kills)
  A dart slug (D:2)
  A worm (D:2)
  2 ball pythons
  5 giant cockroaches
  4 goblins
  5 hobgoblins
  A jackal (D:2)
  A quokka (D:2)
  A bat (D:1)
  4 kobolds
  6 rats
31 creatures vanquished.

Grand Total: 34 creatures vanquished

Notes
Turn   | Place    | Note
-------+----------+-------------------------------------------
     0 | D:1      | valak24 the Deep Elf Summoner began the quest for the Orb.
     0 | D:1      | Reached XP level 1. HP: 10/10 MP: 6/6
   581 | D:1      | Reached XP level 2. HP: 15/15 MP: 6/8
  1179 | D:2      | Learned a level 2 spell: Call Imp
  1306 | D:2      | Reached skill level 5 in Summonings
  1429 | D:2      | Slain by an adder

Skill      XL: |  1  2 |
---------------+-------+-----
Summonings     | 5 |  5.0
Dodging        | |  2.5
Stealth        | |  2.4
Spellcasting   | |  3.7

Action                   || total
-------------------------++-------
Melee: Unarmed           ||    23
       Mace              ||     8
 Cast: Summon Small Mamm ||    26
       Call Imp          ||     6
  Use: Scroll            ||     4
       Potion            ||     4
  Eat: Chunk             ||     2
Armor: Robe              ||     6
Dodge: Dodged            ||    45
